 Dungeon Crawl Stone Soup version 0.30-b1-2-g02819fbbbe (webtiles) character file.

Game seed: 16674568189677029921

70 Alarkh the Sneak (level 4, 35/35 HPs)
             Began as a Demonspawn Delver on May 22, 2023.
             Got out of the dungeon alive.
             The game lasted 00:03:56 (1848 turns).

Alarkh the Sneak (Demonspawn Delver)                Turns: 1848, Time: 00:03:57

Health: 35/35      AC: 10    Str: 16    XL:     4   Next: 4%
Magic:  4/4        EV:  9    Int: 13    God:
Gold:   99         SH:  5    Dex: 14    Spells: 3/3 levels left

rFire   . .          .
                       - Unarmed
rCold   . . .        (no shield)
rNeg    . . .        e - +0 scale mail
rPois   .            q - +0 helmet
rElec   .            (no cloak)
rCorr   .            (no gloves)
SInv    .            c - +0 pair of boots "Piavoss" {Rampage Str+3}
Will    .....        p - amulet of reflection
Stlth   +            (no ring)
HPRegen 0.25/turn    (no ring)
MPRegen 0.09/turn

%: reflection, rampage
@: no status effects
A: slimy green scales 1, weakness stinger 1
a: no special abilities


You escaped.
You visited 1 branch of the dungeon, and saw 5 of its levels.

You collected 99 gold pieces.

Inventory:

Armour
 a - a +0 leather armour
 c - the +0 pair of boots "Piavoss" (worn) {Rampage Str+3}
   (You found it on level 3 of the Dungeon)

   Str:       It affects your strength (+3).
   Rampage:   It bestows one free step when moving towards enemies.
 e - a +0 scale mail (worn)
 q - a +0 helmet (worn)
Jewellery
 p - an amulet of reflection (around neck)
Scrolls
 b - 2 scrolls of fog
 d - 3 scrolls of brand weapon
 f - a scroll of identify {unknown}
 g - a scroll of fear
 i - a scroll of poison
 m - a scroll of immolation {unknown}
 o - a scroll of magic mapping
Potions
 h - 2 potions of curing
 j - 2 potions of flight {unknown}
 k - a potion of attraction {unknown}
 l - a potion of brilliance {unknown}
 n - a potion of might {unknown}


   Skills:
 - Level 3.0 Fighting
 - Level 1.7 Dodging
 - Level 4.5 Stealth
 + Level 4.0 Unarmed Combat


You had 3 spell levels left.
You didn't know any spells.
Your spell library contained the following spells:

 Spells                   Type           Power      Damage    Failure   Level
 Sandblast                Erth           0%         2d4       75%         1
 Passwall                 Tmut/Erth      0%         N/A       87%         2
 Stone Arrow              Conj/Erth      0%         3d7       98%         3


Dungeon Overview and Level Annotations

Branches:
Dungeon (5/15)
 Temple: D:4-7

Altars:

Annotations:
D:5 Ijyb


Innate Abilities, Weirdness & Mutations

You are partially covered in slimy green scales. (AC +2)
You have a small tail.


Message History

You feel stronger.
Your demonic ancestry asserts itself...
Slimy green scales grow over part of your body.
There is an open door here.
You see here a giant cockroach corpse.
A bat comes into view.
A bat is nearby!
You rampage towards the bat!
A giant cockroach comes into view.
You rampage towards the bat!
You closely miss the bat. The bat closely misses you. The bat hits you.
You closely miss the bat.
Your tail-slap misses the bat.
The bat barely misses you. The bat closely misses you.
The bat hits you but does no damage.
You closely miss the bat. The bat barely misses you.
You closely miss the bat. You tail-slap the bat.
The bat is severely wounded.
The bat hits you but does no damage. The bat barely misses you.
You closely miss the bat.
The bat is severely wounded.
You block the bat's attack.
You closely miss the bat. You punch the bat.
You kill the bat!
Your Unarmed Combat skill increases to level 4!
You hit the giant cockroach but do no damage.
The giant cockroach bites you but does no damage.
The giant cockroach barely misses you.
You punch the giant cockroach!
You kill the giant cockroach!
No target in view!
No target in view!
No target in view!
No target in view!
No target in view!
No target in view!
No target in view!
No target in view!
No target in view!
There is a staircase leading out of the dungeon here.
Are you sure you want to leave the Dungeon?
This will make you lose the game!
You have escaped!

#####..........P.P..#.######
...>###.....#.P#~#P.#......#
..#.#.........##~##...####.#
.†#.#.#....#..~~~~~..## #.#
..#.#.#.....#.##~##.## #.#
..#.#.#.....#.P#~#P.# #.#
###.#.#.....#..P.P..# #.#
#.#.#.....#.......# #.#
#.#.#.....#...@...# #.#
#.....#.#.......# #.#
#######....P.P..######.#
#.#.P#~#P.#......#
######.#.##~##.#.######
#...##.#.~~~~~...#
#...##'#.##~##...######
#........P#~#P.#......#
#.........P.P..######.#


There were no monsters in sight!

Vanquished Creatures
  An adder (D:3)
  A river rat (D:3)
  2 dart slugs
  An orc (D:3)
  4 ball pythons
  8 bats
  An endoplasm (D:1)
  6 giant cockroaches
  2 hobgoblins (D:3)
  2 jackals (D:3)
  7 kobolds
  A quokka (D:3)
  2 frilled lizards (D:3)
  2 goblins
  3 rats (D:3)
43 creatures vanquished.

Notes
Turn   | Place    | Note
-------+----------+-------------------------------------------
     0 | D:5      | Alarkh the Demonspawn Delver began the quest for the Orb.
     0 | D:5      | Reached XP level 1. HP: 18/18 MP: 1/1
     0 | D:5      | Noticed Ijyb
    11 | D:5      | Noticed a jelly
    27 | D:5      | Noticed a hound
    51 | D:4      | Noticed an iguana
   170 | D:3      | Identified the +0 pair of boots "Piavoss" {Rampage Str+3}
   258 | D:3      | Gained mutation: You have a small tail. [demonic ancestry]
   258 | D:3      | Reached XP level 2. HP: 15/24 MP: 2/2
   801 | D:3      | Reached XP level 3. HP: 29/29 MP: 3/3
  1761 | D:1      | Gained mutation: You are partially covered in slimy green
                  | scales. (AC +2) [demonic ancestry]
  1761 | D:1      | Reached XP level 4. HP: 35/35 MP: 4/4
  1848 | D:$      | Got out of the dungeon alive.

Illustrated notes

Levels and vault maps discovered:
D:1:      eino_arrival_water_cross, layout_basic
D:2:      layout_loops_ring
D:3:      layout_basic, gup_sewer_entry_spiral, grunt_decor_one_mirror
D:4:      layout_rooms, lemuel_mausoleum_altar_kikubaaqudgha, serial_shops, shop
D:5:      layout_basic, uniq_ijyb

Skill      XL: |  1  2  3  4 |
---------------+-------------+-----
Unarmed Combat | 2 3 4 |  4.0
Fighting       | |  3.0
Dodging        | |  1.7
Stealth        | |  4.5

Action                     |  1- 3 |  4- 6 || total
---------------------------+-------+-------++-------
  Melee: Unarmed           |   162 |     8 ||   170
         Punch             |     2 |     1 ||     3
         Tailslap          |    18 |     1 ||    19
  Evoke: Wand              |     3 |       ||     3
    Use: Scroll            |     5 |       ||     5
         Potion            |     3 |       ||     3
   Stab: Sleeping          |     6 |       ||     6
         Distracted        |     1 |       ||     1
 Armour: Leather armour    |    16 |       ||    16
         Scale mail        |    58 |     3 ||    61
  Dodge: Dodged            |    69 |     6 ||    75
  Block: Other             |     9 |     1 ||    10
         Reflection        |     1 |       ||     1
